 Dungeon Crawl Stone Soup version 0.30-a0-702-gdf48620a09 (webtiles) character file.

Game seed: 10252426831847518139

3243 themarg the Summoner (level 9, -2/77 HPs)
             Began as a Barachi Summoner on Jan 21, 2023.
             Was a Believer of Cheibriados.
             Slain by a freezing wraith (15 damage)
             ... on level 8 of the Dungeon on Jan 22, 2023.
             The game lasted 00:27:21 (8336 turns).

themarg the Summoner (Barachi Summoner)             Turns: 8336, Time: 00:27:22

Health: -2/77      AC:  6    Str: 14    XL:     9   Next: 99%
Magic:  2/19       EV: 14    Int: 26    God:    Cheibriados [**....]
Gold:   469        SH:  0    Dex: 17    Spells: 12/22 levels left

rFire   + . .      SeeInvis .    y - +2 spear (flame)
rCold   . . .      Faith    .    (no shield)
rNeg    . . .      Spirit   .    a - +0 robe
rPois   .          Reflect  .    o - +0 helmet
rElec   .          Harm     .    (no cloak)
rCorr   .          Rampage  .    B - +2 pair of gloves
Will    .....                    (no boots)
Stlth   ++                       w - amulet of magic regeneration
HPRegen 0.32/turn                x - ring of protection from fire
MPRegen 0.56/turn                (no ring)

@: unable to hop, very slow
A: amphibious, slowness 1, strong legs 1, +LOS
a: Hop, Renounce Religion, Bend Time


You were on level 8 of the Dungeon.
You worshipped Cheibriados.
Cheibriados was pleased with you.
You visited 1 branch of the dungeon, and saw 8 of its levels.

You collected 469 gold pieces.

Inventory:

Hand Weapons
 i - a +2 dagger of venom
 y - a +2 spear of flaming (weapon)
Missiles
 h - 6 poisoned darts
 l - 68 stones (quivered)
 u - 6 boomerangs
 Q - 3 curare-tipped darts
Armour
 a - a +0 robe (worn)
 o - a +0 helmet (worn)
 B - a +2 pair of gloves (worn)
Jewellery
 p - an amulet of faith
 w - an amulet of magic regeneration (around neck)
 x - a ring of protection from fire (left hand)
 N - a +6 ring of dexterity
 T - a ring of wizardry
Wands
 r - a wand of iceblast (4)
 H - a wand of light (5)
 J - a wand of digging (2)
 P - a wand of flame (18)
 R - a wand of charming (10)
Scrolls
 c - 3 scrolls of fog
 f - a scroll of teleportation {unknown}
 k - a scroll of summoning {unknown}
 m - a scroll of noise {unknown}
 s - a scroll of silence {unknown}
 t - a scroll of immolation {unknown}
 v - 2 scrolls of vulnerability {unknown}
 C - a scroll of magic mapping {unknown}
 E - 2 scrolls of identify {unknown}
 F - a scroll of fear {unknown}
 G - a scroll of poison {unknown}
 I - a scroll of acquirement {unknown}
 M - a scroll of torment {unknown}
 O - a scroll of enchant weapon {unknown}
 S - a scroll of amnesia {unknown}
Potions
 b - 3 potions of magic
 d - 5 potions of curing {unknown}
 e - a potion of invisibility {unknown}
 g - a potion of attraction {unknown}
 j - 2 potions of might
 n - a potion of cancellation {unknown}
 q - a potion of flight {unknown}
 z - a potion of mutation {unknown}
 A - 3 potions of haste {unknown}
 D - a potion of degeneration {unknown}
 K - a potion of berserk rage {unknown}
 L - a potion of resistance {unknown}


   Skills:
 + Level 9.4 Fighting
 - Level 5.0 Dodging
 - Level 3.0 Stealth
 - Level 7.0 Spellcasting
 - Level 10.0 Summonings
 - Level 2.0 Air Magic


You had 12 spell levels left.
You knew the following spells:

 Your Spells              Type           Power      Damage    Failure   Level
a - Summon Small Mammal   Summ           100%       N/A       1%          1
b - Call Imp              Summ           57%        N/A       1%          2
c - Call Canine Familiar  Summ           57%        N/A       1%          3
d - Summon Lightning Spi  Summ/Air       40%        N/A       5%          4

Your spell library contained the following spells:

 Spells                   Type           Power      Damage    Failure   Level
 Summon Guardian Golem    Hex/Summ       35%        N/A       2%          3
 Beastly Appendage        Tmut           18%        N/A       6%          1
 Sandblast                Erth           18%        2d7       6%          1
 Passwall                 Tmut/Erth      7%         N/A       10%         2
 Wereblood                Tmut           9%         N/A       10%         2
 Spider Form              Tmut/Pois      9%         N/A       19%         3
 Stone Arrow              Conj/Erth      18%        3d8       19%         3


Dungeon Overview and Level Annotations

Branches:
Dungeon (8/15)             Temple (0/1) D:6            Lair (0/5) D:8

Altars:
Ashenzari
Cheibriados
Elyvilon
Fedhas
Sif Muna
Xom
Zin

Annotations:
D:7 3 runed translucent doors, exclusion: 3 doors, ASSMAN's ghost, novice DsMo


Innate Abilities, Weirdness & Mutations

You are amphibious.
You cover ground slowly.
You can hop short distances.
You have an extended range of vision and can be seen from far away.


Message History

Press: ? - help, Dir - move target, f/p - freezing wraith
Aim: a freezing wraith (blue smoke, lightly damaged, ally target, about 32% to evade your +2 spear of flaming)
You hit the freezing wraith but do no damage.
The freezing wraith is lightly damaged.
You are ready to hop once more.
Your lightning spire disappears in a puff of smoke!
The freezing wraith barely misses you. The freezing wraith hits you!
* * * LOW HITPOINT WARNING * * *
The freezing wraith drains your vigour!
You feel yourself slow down.
Hop to where?
Press: ? - help, Dir - move target, p - freezing wraith Boing!
An electric hum fills the air.
An electric hum fills the air.
Your lightning spire disappears in a puff of smoke!
The freezing wraith hits your lightning spire.
The freezing wraith freezes your lightning spire.
Your lightning spire resists.
The freezing wraith hits your lightning spire!
You feel yourself speed up.
The freezing wraith hits your lightning spire but does no damage.
The freezing wraith hits your lightning spire.
Your lightning spire shoots out a bolt of lightning at the freezing wraith!
The bolt of electricity hits the freezing wraith!
The bolt of electricity hits the ice devil!
The bolt of electricity hits the white imp!
The white imp dies!
Cheibriados appreciates the change of pace.
The freezing wraith hits your lightning spire but does no damage.
The freezing wraith hits your lightning spire!
Your lightning spire is destroyed!
Your lightning spire disappears in a puff of smoke!
An electric hum fills the air.
An electric hum fills the air.
Your lightning spire disappears in a puff of smoke!
The freezing wraith hits you!
* * * LOW HITPOINT WARNING * * *
The freezing wraith freezes you!
You die...

#... .... ... ..#
########### #..###
#.4.W4....# ......
#W#######.##....W.
#@# #§.#...#~4 #§#
##h'...~# #8#
#.'..#~# #.#
#§'..~# ##.#
#.'..~# #..#
###..#~~ #.##
...... ### #.#
...... ....####.#
#..###


You could see an ice devil, a freezing wraith (ally target) and a friendly
lightning spire (summoned).

Vanquished Creatures
  A black bear (D:6)
  A gnoll bouda (D:7)
  Natasha (twice) (D:3)
  4 adders
  3 gnolls
  An ufetubus (D:5)
  A worm (D:3)
  A dart slug (D:1)
  5 orcs
  3 ball pythons (D:4)
  2 jackals
  3 quokkas
  2 bats (D:1)
  A rat (D:1)
30 creatures vanquished.

Vanquished Creatures (collateral kills)
  A deep elf pyromancer (D:8)
  The ghost of wormed the Firebug, a novice DsFE of Vehumet (D:6)
  A wyvern (D:8)
  Duvessa (D:7)
  A water moccasin (D:7)
  An orc warrior (D:8)
  A sky beast (D:7)
  2 ogres
  The ghost of Caestello the Grasshopper, an amateur DrWr (D:3)
  A centaur (D:7)
  A phantom (D:5)
  A bullfrog (D:8)
  A necrophage (D:5)
  Dowan (D:7)
  2 howler monkeys
  2 jellies
  2 quasits (D:3)
  3 hounds
  3 orc priests
  2 gnoll boudas
  3 iguanas
  Terence (D:3)
  Natasha (D:3)
  2 orc wizards
  19 gnolls
  6 adders
  8 white imps (D:8)
  A nameless horror (D:7)
  2 ufetubi
  2 worms
  4 dart slugs
  23 orcs
  3 endoplasms
  5 giant cockroaches
  6 goblins
  2 hobgoblins
  6 jackals
  A quokka (D:1)
  A bat (D:2)
  5 frilled lizards
  3 kobolds
  2 rats
135 creatures vanquished.

Grand Total: 165 creatures vanquished

Notes
Turn   | Place    | Note
-------+----------+-------------------------------------------
     0 | D:1      | themarg the Barachi Summoner began the quest for the Orb.
     0 | D:1      | Reached XP level 1. HP: 13/13 MP: 3/3
   170 | D:1      | Reached skill level 5 in Summonings
   200 | D:1      | Reached XP level 2. HP: 15/19 MP: 1/5
   203 | D:1      | Learned a level 2 spell: Call Imp
   331 | D:1      | Found a faded altar of an unknown god.
  1214 | D:2      | Reached XP level 3. HP: 24/24 MP: 2/7
  1218 | D:2      | Learned a level 3 spell: Call Canine Familiar
  1283 | D:2      | Found a blossoming altar of Fedhas.
  2019 | D:3      | Noticed Natasha
  2022 | D:3      | Noticed Terence
  2028 | D:3      | Reached XP level 4. HP: 30/30 MP: 1/8
  2207 | D:3      | Killed Natasha
  2277 | D:3      | Killed Terence
  2367 | D:3      | Reached XP level 5. HP: 35/35 MP: 6/10
  2513 | D:3      | Reached skill level 6 in Summonings
  2633 | D:3      | Found a transporter.
  2636 | D:3      | Noticed Caestello's ghost (amateur DrWr)
  2701 | D:3      | Found a transporter.
  2820 | D:3      | Noticed Natasha
  2828 | D:3      | Killed Natasha
  3021 | D:3      | Noticed Natasha
  3030 | D:3      | Killed Natasha
  3275 | D:4      | Reached XP level 6. HP: 41/41 MP: 12/12
  3896 | D:4      | Reached skill level 7 in Summonings
  4561 | D:5      | Entered Level 5 of the Dungeon
  4601 | D:5      | Reached skill level 5 in Spellcasting
  4678 | D:5      | Reached XP level 7. HP: 46/46 MP: 14/14
  4765 | D:5      | Reached skill level 1 in Air Magic
  4905 | D:5      | Reached skill level 8 in Summonings
  5002 | D:5      | Found a snail-covered altar of Cheibriados.
  5006 | D:5      | Became a worshipper of Cheibriados the Contemplative
  5029 | D:5      | Reached skill level 9 in Summonings
  5341 | D:5      | Reached XP level 8. HP: 52/52 MP: 13/15
  5346 | D:5      | Learned a level 4 spell: Summon Lightning Spire
  5442 | D:6      | Found a staircase to the Ecumenical Temple.
  5643 | D:6      | Reached skill level 10 in Summonings
  5881 | D:6      | Found a large runed translucent door.
  5882 | D:6      | Found a large runed translucent door.
  5882 | D:6      | Noticed wormed's ghost (novice DsFE)
  5938 | D:6      | Found a white marble altar of Elyvilon.
  5944 | D:6      | Found a glowing silver altar of Zin.
  5944 | D:6      | Found a shimmering blue altar of Sif Muna.
  5945 | D:6      | Found a broken altar of Ashenzari.
  5948 | D:6      | Found a shimmering altar of Xom.
  6319 | D:7      | Reached * piety under Cheibriados
  6366 | D:7      | Reached skill level 5 in Fighting
  6502 | D:7      | Noticed Duvessa
  6503 | D:7      | Noticed Dowan
  6516 | D:7      | Killed Duvessa
  6517 | D:7      | Killed Dowan
  6628 | D:7      | Reached XP level 9. HP: 69/69 MP: 13/17
  6676 | D:7      | Found a runed translucent gate.
  6676 | D:7      | Found a runed translucent gate.
  6676 | D:7      | Found a runed translucent gate.
  6679 | D:7      | Noticed ASSMAN's ghost (novice DsMo)
  7563 | D:3      | Killed Caestello's ghost
  7747 | D:6      | Killed wormed's ghost
  7748 | D:6      | Reached skill level 5 in Dodging
  7810 | D:8      | Noticed a deep elf pyromancer
  7816 | D:8      | Killed a deep elf pyromancer
  7816 | D:8      | Reached ** piety under Cheibriados
  8179 | D:8      | Found a staircase to the Lair.
  8306 | D:8      | Noticed a freezing wraith
  8307 | D:8      | Noticed an ice devil
  8336 | D:8      | Slain by a freezing wraith

Illustrated notes

Levels and vault maps discovered:
D:1:      roderic_chinese_lattice_arrival, layout_basic,
          hellmonk_ecumenical_altar_pennies_from_heaven
D:2:      layout_basic, basic_altar, minmay_tall_x
D:3:      layout_basic, gammafunk_ghost_stat_death,
          nicolae_concentric_dashed_squares_mild, uniq_natasha, uniq_terence
D:4:      minmay_general_purpose_star, layout_basic
D:5:      layout_loops_ring, cheibriados_altar_1, grunt_ministairs_3
D:6:      layout_basic, minitemple, minmay_temple_entry_glass,
          ebering_ghost_disaster_area
D:7:      layout_layer_cave, gammafunk_ghost_nasty_kobolds, serial_park_tiny_2,
          minmay_diced_spiral, uniq_duvessa
D:8:      layout_loops_ring, lair_entry_dummy, chequers_serial_rivers_small_b,
          hellmonk_guarded_unrand_frostbite

Skill      XL: |  1  2  3  4  5  6  7  8  9 |
---------------+----------------------------+-----
Stealth        | 2 3 |  3.0
Summonings     | 5 6 7 9 10 | 10.0
Spellcasting   | 3 4 5 7 |  7.0
Air Magic      | 2 |  2.0
Fighting       | 5 9 |  9.4
Dodging        | 3 5 |  5.0

Action                   |  1- 3 |  4- 6 |  7- 9 || total
-------------------------+-------+-------+-------++-------
Melee: Spear             |    21 |    16 |    76 ||   113
       Dagger            |    11 |    28 |       ||    39
       Trident           |       |     4 |       ||     4
       Punch             |       |       |     1 ||     1
Throw: Stone             |       |       |     1 ||     1
 Cast: Summon Small Mamm |    33 |    18 |    12 ||    63
       Call Imp          |     7 |    19 |    13 ||    39
       Call Canine Famil |     3 |    30 |    29 ||    62
       Summon Lightning  |       |       |    33 ||    33
Invok: Bend Time         |       |       |     1 ||     1
 Abil: Hop               |     1 |     2 |     3 ||     6
Evoke: Wand              |       |       |     1 ||     1
  Use: Scroll            |       |     1 |       ||     1
 Stab: Sleeping          |       |     1 |       ||     1
       Distracted        |       |       |     2 ||     2
Armor: Robe              |     6 |     5 |    15 ||    26
Dodge: Dodged            |    22 |    32 |    30 ||    84

Table legend: (Time is in decaauts)
 A = Elapsed time spent in this place.
 B = Non-inter-level travel time spent in this place.
 C = Inter-level travel time spent in this place.
 D = Time resting spent in this place.
 E = Time spent auto-exploring this place.
 F = Levels seen in this place.
 G = Mean time per level.
                   A        B        C        D        E       F      G
               +--------+--------+--------+--------+--------+-----+--------+
         Total |  10563 |   9784 |    779 |    366 |   7939 |   8 | 1320.4 |
       Dungeon |  10563 |   9784 |    779 |    366 |   7939 |   8 | 1320.4 |
               +--------+--------+--------+--------+--------+-----+--------+

Top non-repeatable levels by time:
     D:7: 1796 daAuts
     D:4: 1666 daAuts
     D:3: 1568 daAuts
     D:6: 1314 daAuts
     D:1: 1237 daAuts
     D:2: 1098 daAuts
     D:5: 1095 daAuts
     D:8: 786 daAuts
